 Dungeon Crawl Stone Soup version 0.25.0-9-g26727b657a (webtiles) character file.

Game seed: 458006021466598855

81 Esekla the Charmwright (level 4, -2/30 HPs)
             Began as an Octopode Skald on June 19, 2020.
             Shot with a stone by a goblin (8 damage)
             ... on level 2 of the Dungeon.
             The game lasted 00:07:41 (2018 turns).

Esekla the Charmwright (Octopode Skald)             Turns: 2018, Time: 00:07:42

Health: -2/30      AC:  1    Str: 10    XL:     4   Next: 40%
Magic:  4/7        EV: 14    Int: 16    God:
Gold:   95         SH:  0    Dex: 11    Spells: 2/7 levels left

rFire    . . .     SeeInvis .   a - +0 falchion
rCold    . . .     Gourm    .   (no shield)
rNeg     . . .     Faith    .   (helmet restricted)
rPois    .         Spirit   .   (no amulet)
rElec    .         Reflect  .   (no ring)
rCorr    .         Harm     .   (no ring)
MR       .....                  (no ring)
Stlth    ++........             (no ring)
HPRegen  0.10/turn              (no ring)
MPRegen  0.10/turn              (no ring)
                                (no ring)
                                (no ring)

@: lethally poisoned (-2 -> -7), very slightly contaminated
A: almost no armour, stealthy swim, amphibious, 8 rings, constrict 8, camouflage
1, gelatinous body 1
a: no special abilities


You were on level 2 of the Dungeon.
You were not hungry.

You visited 1 branch of the dungeon, and saw 2 of its levels.

You collected 95 gold pieces.

Inventory:

Hand Weapons
 a - a +0 falchion (weapon)
 d - a +0 spear
 h - a +0 short sword
Scrolls
 e - a scroll of amnesia {unknown}
Potions
 f - a potion of lignification {unknown}
 g - a potion of curing {unknown}
Comestibles
 b - a chunk of flesh
 c - 3 rations


   Skills:
 + Level 2.3 Fighting
 * Level 3.0 Long Blades
 * Level 3.1 Dodging
 + Level 0.6 Stealth
 + Level 2.2 Spellcasting
 + Level 3.4 Charms
 + Level 0.4 Translocations


You had 2 spell levels left.
You knew the following spells:

 Your Spells              Type           Power        Failure   Level  Hunger
a - Infusion              Chrm           ##..         4%          1    #......
g - Shroud of Golubria    Chrm/Tloc      #.....       14%         2    ###....
s - Song of Slaying       Chrm           ##......     8%          2    ###....

Your spell library contained the following spells:

 Spells                   Type           Power        Failure   Level  Hunger
 Ozocubu's Armour         Chrm/Ice       #.......     30%         3    ###....
 Spectral Weapon          Hex/Chrm       #.......     30%         3    ###....


Dungeon Overview and Level Annotations

Branches:
Dungeon (2/15)

Altars:

Annotations:
D:2 Sigmund


Innate Abilities, Weirdness & Mutations

You cannot wear most types of armour.
You are very stealthy in the water. (Stealth+)
You are amphibious.
You can wear up to eight rings at the same time.
You can use your tentacles to constrict eight enemies at once.
Your skin changes colour to match your surroundings (Stealth+).
Your rubbery body absorbs attacks. (AC +1, EV +1)


Message History

* * * LOW HITPOINT WARNING * * *
You closely miss the goblin. Your grab misses the goblin.
The goblin closely misses you.
You riposte.
You barely miss the goblin. Your grab misses the goblin.
* * * LOW HITPOINT WARNING * * *
You feel sick.
The goblin unwields a +0 dagger.
The goblin wields a +0 hunting sling.
The goblin shoots a stone.
The stone hits you but does no damage.
You see here a stone.
* * * LOW HITPOINT WARNING * * *
You feel sick.
The goblin shoots a stone.
The stone closely misses you.
You see here a stone.
The goblin shoots a stone.
The stone barely misses you.
* * * LOW HITPOINT WARNING * * *
You feel sick.
Sigmund gestures wildly while chanting.
Sigmund flickers and vanishes!
Deactivating autopickup; reactivate with Ctrl-A.
The goblin shoots a stone.
The stone hits you!
You die...

###.##### #.........######
..###......)....
#...........#####
#.########..##### #<#
#.^##... #.# #..##.##
..##########.########..##.##
......g.((.@.(........>##.##
......{......##..###...##.#.
.......#####................
.##.##. #.##..####..##.#. #
#. #.##..# #..##.## #.
#.##..####.....## #.
#...........##.## ..
####.....#.###...
#.#†....###...


You could see a goblin.

Vanquished Creatures
  3 adders (D:2)
  2 dart slugs (D:1)
  3 leopard geckos (D:1)
  6 bats
  3 giant cockroaches
  5 goblins
  5 hobgoblins (D:1)
  3 jackals (D:2)
  A quokka (D:2)
  A ball python (D:1)
  4 frilled lizards
  4 kobolds
  5 rats (D:1)
45 creatures vanquished.

Notes
Turn   | Place    | Note
-------+----------+-------------------------------------------
     0 | D:1      | Esekla the Octopode Skald began the quest for the Orb.
     0 | D:1      | Reached XP level 1. HP: 14/14 MP: 3/3
    72 | D:1      | Reached XP level 2. HP: 10/19 MP: 5/5
    99 | D:1      | Learned a level 2 spell: Shroud of Golubria
   102 | D:1      | Learned a level 2 spell: Song of Slaying
   609 | D:1      | Reached XP level 3. HP: 19/24 MP: 6/6
  1653 | D:2      | Reached XP level 4. HP: 21/29 MP: 7/7
  2012 | D:2      | Noticed Sigmund
  2018 | D:2      | Shot with a stone by a goblin

Illustrated notes

Levels and vault maps discovered:
D:1:      minmay_arrival_cross, layout_basic
D:2:      layout_loops_ring, first_ration, columned_hall_lemuel,
          grunt_ministairs_2, uniq_sigmund

Skill      XL: |  1  2  3  4 |
---------------+-------------+-----
Dodging        | 3 |  3.1
Long Blades    | 3 |  3.0
Fighting       | |  2.3
Stealth        | |  0.6
Spellcasting   | |  2.2
Charms         | |  3.4
Translocations | |  0.4

Action                   |  1- 3 |  4- 6 || total
-------------------------+-------+-------++-------
Melee: Falchion          |    87 |    15 ||   102
       Constrict         |    32 |     5 ||    37
       Tentacles         |    10 |       ||    10
 Cast: Shroud of Golubri |     4 |     2 ||     6
       Song of Slaying   |     2 |       ||     2
       Infusion          |     1 |       ||     1
 Stab: Sleeping          |     2 |     1 ||     3
  Eat: Chunk             |     3 |     1 ||     4
Armor: Skin              |    10 |     2 ||    12
Dodge: Dodged            |    64 |    14 ||    78
       Rpst.: Falchion   |    20 |     5 ||    25
